 Dungeon Crawl Stone Soup version 0.18-a0-1400-g0ef5d54 (webtiles) character file.

371 KarvaRausku the Conjurer (level 6, -2/41 HPs)
             Began as a High Elf Conjurer on Feb 24, 2016.
             Was an Initiate of Sif Muna.
             Slain by Pikel
             ... wielding a +0 whip of electrocution
              (14 damage)
             ... on level 4 of the Dungeon.
             The game lasted 00:17:31 (3844 turns).

KarvaRausku the Conjurer (High Elf Conjurer)        Turns: 3844, Time: 00:17:31

Health: -2/41      AC:  5    Str:  9    XL:     6   Next: 42%
Magic:  13/13      EV:  8    Int: 21    God:    Sif Muna [......]
Gold:   115        SH:  0    Dex: 16    Spells: 3 memorised, 5 levels left

rFire  . . .     SeeInvis .     q - +3 quarterstaff (chaos)
rCold  . . .     Gourm    .     l - +0 robe
rNeg   . . .     Faith    .     (shield currently unavailable)
rPois  .         Spirit   .     (no helmet)
rElec  .         Dismiss  .     (no cloak)
rCorr  .         Reflect  .     k - +2 pair of gloves
SustAt .         Harm     .     (no boots)
MR     +....                    (no amulet)
Stlth  ++........               (no ring)
                                (no ring)

@: somewhat resistant to hostile enchantments, unstealthy
A: magic resistance 1, sense surroundings 1, strong 1
a: Renounce Religion


You were on level 4 of the Dungeon.
You worshipped Sif Muna.
Sif Muna was noncommittal.
You were not hungry.

You visited 1 branch of the dungeon, and saw 4 of its levels.

You collected 115 gold pieces.

Inventory:

Hand Weapons
 p - a +1 vampiric spear
 q - a +3 quarterstaff of chaos (weapon)
Armour
 k - a +2 pair of gloves (worn)
 l - a +0 robe (worn)
 r - a +0 cloak
 v - a +0 pair of gloves
Wands
 d - a wand of acid (6/15)
Scrolls
 g - 3 scrolls of remove curse
 n - 2 scrolls of enchant weapon {unknown}
 o - a scroll of teleportation {unknown}
 s - a scroll of enchant armour {unknown}
 t - a scroll of recharging {unknown}
 y - 2 scrolls of identify
Potions
 a - a potion of brilliance
 e - a potion of lignification {unknown}
 f - 4 potions of curing {unknown}
 i - a potion of degeneration {unknown}
 m - a potion of agility {unknown}
 w - 2 potions of haste {unknown}
Books
 b - a book of Conjurations

   Spells                             Type                      Level
   a - Magic Dart                     Conjuration                  1
   b - Searing Ray                    Conjuration                  2
   c - Dazzling Spray                 Conjuration/Hexes            3
   d - Fulminant Prism                Conjuration/Hexes            4
   e - Iskenderun's Mystic Blast      Conjuration                  4
   f - Iskenderun's Battlesphere      Conjuration/Charms           5
 u - a book of Party Tricks

   Spells                             Type                      Level
   a - Summon Butterflies             Summoning                    1
   b - Apportation                    Translocation                1
   c - Tukima's Dance                 Hexes                        3
   d - Alistair's Intoxication        Transmutation/Poison         5
   e - Invisibility                   Hexes                        6
Comestibles
 c - 3 bread rations
 h - 5 fruits
 j - 2 meat rations


   Skills:
 + Level 2.8 Fighting
 + Level 1.7 Staves
 + Level 2.9 Dodging
 - Level 2.1 Stealth
 + Level 4.3 Spellcasting
 * Level 6.1 Conjurations


You had 5 spell levels left.
You knew the following spells:

 Your Spells              Type           Power        Failure   Level  Hunger
a - Magic Dart            Conj           ####         1%          1    None
b - Searing Ray           Conj           ####..       1%          2    #......
c - Iskenderun's Battles  Conj/Chrm      ###.....     87%         5    ######.


Dungeon Overview and Level Annotations

Branches:
Dungeon (4/15)             Temple (0/1) D:4

Altars:
Ashenzari
Cheibriados
Okawaru
Sif Muna

Annotations:
D:4 Pikel


Innate Abilities, Weirdness & Mutations

You are resistant to hostile enchantments.
You passively map a small area around you.
Your muscles are strong. (Str +2)


Message History

The searing ray hits Pikel.
Pikel is lightly wounded.
Pikel misses you.
The searing ray hits Pikel.
Pikel is moderately wounded.
Pikel hits you with a whip of electrocution.
You are electrocuted!
* * * LOW HITPOINT WARNING * * *
There is a stone staircase leading down here.
Pikel says, "I knew I should've brought a map."
Pikel waves his whip at you.
You see here an animal skin.
A slave comes into view.
The slave shouts!
There is a stone staircase leading down here.
There is a stone staircase leading up here.
Pikel hits you with a whip of electrocution.
* * * LOW HITPOINT WARNING * * *
You are electrocuted!
You die...

##.##.##.###### #.####.#
......#.## #......#
.###...## #..###.# .#
##### #..# #.# .# #..#
#.## # .#
#..###..######## .# *
*#########....pp..>....#.
.. ,,
........K...###.###.....
## ** ######@###.# #.#
#.#.#. #.# #.# #.# #.#.##
#.# #.# #.# #.#.##
####.###.###.# #.#.#
#.....(......# #.#.# ,
#.######..#### #.#.# *
#.# #..# #.#.# , #.# #..#
#.#.# #.# #..## #.#.#


You could see Pikel and 2 slaves.

Vanquished Creatures
  2 slaves
  An ogre (D:4)
  A scorpion (D:4)
  Crazy Yiuf (D:2)
  A worker ant (D:4)
  A hound skeleton (D:4)
  4 gnolls (D:2)
  5 adders
  2 worms (D:2)
  6 giant geckos
  2 orcs
  3 giant cockroaches
  9 hobgoblins
  8 jackals
  12 kobolds
  3 quokkas
  5 bats
  2 giant newts (D:2)
  10 goblins
  A quokka skeleton (D:4)
  8 rats
87 creatures vanquished.

Vanquished Creatures (others)
  A plant (D:1)
1 creature vanquished.

Grand Total: 88 creatures vanquished

Notes
Turn   | Place    | Note
--------------------------------------------------------------
     0 | D:1      | KarvaRausku the High Elf Conjurer began the quest for the Orb.
     0 | D:1      | Reached XP level 1. HP: 11/11 MP: 4/4
   252 | D:1      | Reached XP level 2. HP: 15/17 MP: 1/6
   256 | D:1      | Learned a level 2 spell: Searing Ray
   529 | D:1      | Reached skill level 5 in Conjurations
   693 | D:1      | Reached XP level 3. HP: 21/21 MP: 3/8
  1224 | D:2      | Gained mutation: Your muscles are strong. (Str +2) [potion of mutation]
  1224 | D:2      | Gained mutation: You passively map a small area around you. [potion of mutation]
  1224 | D:2      | Gained mutation: You are resistant to hostile enchantments. [potion of mutation]
  1266 | D:2      | Reached skill level 1 in Fighting
  1501 | D:2      | Found an iron altar of Okawaru.
  1555 | D:2      | Reached XP level 4. HP: 28/28 MP: 3/10
  1787 | D:2      | Found a deep blue altar of Sif Muna.
  1802 | D:2      | Became a worshipper of Sif Muna the Loreminder
  2049 | D:2      | Reached XP level 5. HP: 30/34 MP: 0/11
  2073 | D:2      | Learned a level 5 spell: Iskenderun's Battlesphere
  2159 | D:2      | Noticed Crazy Yiuf
  2163 | D:2      | Killed Crazy Yiuf
  2297 | D:3      | Found a shattered altar of Ashenzari.
  2553 | D:3      | Found a snail-covered altar of Cheibriados.
  3126 | D:4      | Reached skill level 1 in Staves
  3274 | D:4      | Noticed a slave
  3279 | D:4      | Noticed a slave
  3282 | D:4      | Noticed a slave
  3284 | D:4      | Noticed Pikel
  3333 | D:3      | Killed a slave
  3500 | D:4      | Killed a slave
  3638 | D:4      | Found a staircase to the Ecumenical Temple.
  3694 | D:4      | Reached XP level 6. HP: 36/41 MP: 8/13
  3713 | D:4      | Reached skill level 6 in Conjurations
  3827 | D:4      | Noticed a slave
  3844 | D:4      | Slain by Pikel

Vault maps used:
D:1:      dpeg_arrival_rooms_with_view, lexackson_kobold_supper
D:2:      lemuel_round_altar, lemuel_crystal_altar, uniq_crazy_yiuf_cottage
D:3:      evilmike_ruin_ashenzari, cheibriados_altar_1
D:4:      lemuel_temple_firewalk, serial_shops, shop, uniq_blork_the_orc,
          uniq_eustachio, uniq_pikel

Skill      XL: |  1  2  3  4  5  6 |
---------------+-------------------+-----
Conjurations   | 5 6 |  6.1
Spellcasting   | 3 4 |  4.3
Fighting       | 1 2 |  2.8
Staves         | 1 |  1.7
Dodging        | |  2.9
Stealth        | |  2.1

Action                   |  1- 3 |  4- 6 || total
-------------------------+-------+-------++-------
Melee: Unarmed           |    47 |       ||    47
       Quarterstaff      |       |    12 ||    12
 Cast: Magic Dart        |    86 |    65 ||   151
       Searing Ray       |     5 |    13 ||    18
  Use: Scroll            |     3 |     3 ||     6
       Potion            |     1 |       ||     1
  Eat: Chunk             |     2 |     7 ||     9
